 Dungeon Crawl Stone Soup version 0.17-a0-2002-g92c7e20 (webtiles) character file.

6265 mrath the Cleaver (level 10, -6/90 HPs)
             Began as a Minotaur Fighter on Oct 7, 2015.
             Was a Priest of Okawaru.
             Mangled by a troll (8 damage)
             ... on level 9 of the Dungeon on Oct 8, 2015.
             The game lasted 01:32:49 (13166 turns).

mrath the Cleaver (Minotaur Fighter)               Turns: 13166, Time: 01:32:51

Health: -6/90      AC: 19    Str: 24    XL:     10   Next: 62%
Magic:  10/12      EV: 12    Int:  5    God:    Okawaru [***...]
Gold:   468        SH: 13    Dex: 10    Spells: 0 memorised, 9 levels left

rFire  + . .     SeeInvis +     a - +0 war axe
rCold  . . .     Clarity  +     t - +0 chain mail
rNeg   . . .     SustAt   .     c - +0 shield
rPois  .         Gourm    .     j - +2 hat
rElec  .         Spirit   .     d - +0 cloak
rCorr  .         Warding  .     R - +0 pair of gloves
rMut   .         Stasis   .     S - +0 pair of boots
MR     .....                    M - amulet of clarity
Stlth  ..........               Z - ring of see invisible
                                y - ring of protection from fire (curse)

@: heroism, not resistant to hostile enchantments, extremely unstealthy
A: retaliatory headbutt, horns 2
a: Heroism, Renounce Religion


You were on level 9 of the Dungeon.
You worshipped Okawaru.
Okawaru was most pleased with you.
You were not hungry.

You visited 2 branches of the dungeon, and saw 11 of its levels.

You collected 468 gold pieces.

Inventory:

Hand Weapons
 a - a +0 war axe (weapon)
 f - a +0 hunting sling
Missiles
 C - 14 tomahawks (quivered)
 X - 2 throwing nets
Armour
 c - a +0 shield (worn)
 d - a +0 cloak (worn)
 j - a +2 hat (worn)
 t - a +0 chain mail (worn)
 R - a +0 pair of gloves (worn)
 S - a +0 pair of boots (worn)
Jewellery
 m - an uncursed amulet of resist corrosion
 y - a cursed ring of protection from fire (left hand)
 M - an amulet of clarity (around neck)
 T - an uncursed ring of protection from magic
 Z - a ring of see invisible (right hand)
Scrolls
 b - 2 scrolls of blinking
 g - 4 scrolls of enchant armour
 l - 2 scrolls of identify
 s - 2 scrolls of magic mapping {unknown}
 v - 2 scrolls of remove curse
 x - 3 scrolls of teleportation
 A - a scroll of recharging {unknown}
 E - 2 scrolls of enchant weapon {unknown}
 I - a scroll of noise {unknown}
 Q - a scroll of fear {unknown}
 V - a scroll of random uselessness {unknown}
Potions
 o - 2 potions of haste
 q - 5 potions of curing
 G - 3 potions of degeneration {unknown}
 W - 2 potions of heal wounds {unknown}
Miscellaneous
 U - a plain deck of changes
Comestibles
 h - 15 chunks of flesh
 r - 3 bread rations


   Skills:
 + Level 8.6(13.6) Fighting
 + Level 11.0(16.0) Axes
 + Level 8.3(13.3) Armour
 + Level 6.5(11.5) Dodging
 + Level 8.3(13.3) Shields
 + Level 4.6 Invocations


You had 9 spell levels left.
You didn't know any spells.

Dungeon Overview and Level Annotations

Branches:
Dungeon (10/15)            Temple (1/1) D:5
   Lair: D:8-11         Orc: D:9-12

Altars:
Ashenzari
Cheibriados
Dithmenos
Elyvilon
Fedhas
Gozag
Kikubaaqudgha
Makhleb
Nemelex Xobeh
Okawaru
Qazlal
Ru
Sif Muna
Trog
Vehumet
Xom
Yredelemnul
Zin
The Shining One

Shops:
D:10 %

Annotations:
D:4 Alipheese's ghost, amateur NaGl


Innate Abilities, Weirdness & Mutations

You reflexively headbutt those who attack you in melee.
You have a pair of horns on your head.


Message History

The troll claws you but does no damage. The wolf bites you but does no damage.
You climb upwards.
There is a stone staircase leading down here.
Use which ability?
You gain the combat prowess of a mighty hero.
You feel slightly more hungry. The wolf barely misses you.
The troll bites you but does no damage. The troll claws you!
* * * LOW HITPOINT WARNING * * *
You block the troll's attack.
There are monsters nearby!
There are monsters nearby!
There are monsters nearby!
There are monsters nearby!
You closely miss the troll. You headbutt the troll!
The troll is moderately wounded.
You hit the wolf.
The wolf is lightly wounded.
The wolf bites you but does no damage. You block the troll's attack.
The troll claws you but does no damage. The troll claws you!
You die...

##.#
##.......##..... ###
#.###......####.....
..## #..#########
#.†... ...## ###.#
##....# ....##
#.#.## #....##
.....## ##...#
#....# ......#
#...## ##...##
......## ##h..#
####.....## .......#
#.@.#####...###...#
.......##
##T..##...### ###..
........# #.....####
##. ........##
##..### ###..
...÷.....# ##..#
##.... .......÷÷#
###..## ###.....
.........## ##....#
##.......
..........###.....#
#........
..........##..##..#
#........


You could see a troll and a wolf.

Vanquished Creatures
  Erolcha (D:9)
  An ugly thing (D:9)
  The ghost of Alipheese the Chopper, an amateur NaGl (D:7)
  Prince Ribbit (D:9)
  A hippogriff (D:10)
  A wolf (D:9)
  Menkaure (D:4)
  A water moccasin (D:9)
  2 hungry ghosts
  The ghost of truemonolith the Magician, an amateur DECj (D:3)
  A phantom (D:7)
  2 ice beasts
  A sky beast (D:9)
  8 ogres
  3 centaurs
  5 giant frogs
  6 scorpions
  10 killer bees
  2 crimson imps
  5 orc wizards
  2 gnoll shamans
  8 hounds
  A quasit (D:8)
  6 jellies
  3 iguanas
  Crazy Yiuf (D:4)
  6 worker ants
  2 centaur skeletons
  4 orc priests
  Terence (D:2)
  2 killer bee zombies
  A hound skeleton (D:5)
  9 gnolls (D:5)
  22 adders
  2 shadow imps
  2 adder skeletons
  An adder zombie (D:6)
  2 worms
  5 giant geckos
  22 orcs
  3 ball pythons
  5 goblins
  6 hobgoblins
  6 jackals
  10 kobolds
  9 quokkas
  5 bats
  9 giant cockroaches
  5 giant newts
  2 quokka skeletons
  2 quokka zombies (D:5)
  9 rats
  A plant (D:5)
228 creatures vanquished.

Vanquished Creatures (others)
  A plant (D:5)
1 creature vanquished.

Grand Total: 229 creatures vanquished

Notes
Turn   | Place    | Note
--------------------------------------------------------------
     0 | D:1      | mrath the Minotaur Fighter began the quest for the Orb.
     0 | D:1      | Reached XP level 1. HP: 19/19 MP: 0/0
   219 | D:1      | Reached XP level 2. HP: 20/26 MP: 1/1
   984 | D:2      | Reached skill level 4 in Axes
   984 | D:2      | Reached XP level 3. HP: 17/31 MP: 2/2
  1306 | D:2      | Noticed Terence
  1316 | D:2      | Killed Terence
  1316 | D:2      | Reached skill level 5 in Axes
  1316 | D:2      | Reached XP level 4. HP: 35/39 MP: 3/3
  1645 | D:2      | Reached skill level 6 in Axes
  1669 | D:2      | Found a shimmering altar of Xom.
  1974 | D:2      | Reached XP level 5. HP: 33/45 MP: 4/4
  2385 | D:3      | Found a shadowy altar of Dithmenos.
  2385 | D:3      | Found a snail-covered altar of Cheibriados.
  2390 | D:3      | Found an ancient bone altar of Kikubaaqudgha.
  2612 | D:3      | Noticed truemonolith's ghost (amateur DECj)
  2623 | D:3      | Killed truemonolith's ghost
  2623 | D:3      | Reached skill level 7 in Axes
  2623 | D:3      | Reached XP level 6. HP: 28/51 MP: 5/5
  3312 | D:4      | Noticed Alipheese's ghost (amateur NaGl)
  3406 | D:4      | Reached skill level 8 in Axes
  4012 | D:4      | Noticed Crazy Yiuf
  4022 | D:4      | Killed Crazy Yiuf
  4248 | D:4      | Reached skill level 1 in Dodging
  4248 | D:4      | Reached XP level 7. HP: 46/59 MP: 6/6
  4552 | D:4      | Found a blossoming altar of Fedhas.
  4600 | D:4      | Noticed Menkaure
  4609 | D:4      | Killed Menkaure
  4844 | D:4      | Reached skill level 9 in Axes
  4889 | D:5      | Entered Level 5 of the Dungeon
  4894 | D:5      | Noticed a rust devil
  4957 | D:5      | Found a staircase to the Ecumenical Temple.
  5370 | D:5      | Reached skill level 5 in Fighting
  5611 | D:5      | Reached skill level 5 in Armour
  5611 | D:5      | Reached XP level 8. HP: 35/68 MP: 7/7
  5785 | D:5      | Found a sacrificial altar of Ru.
  5914 | D:5      | Reached skill level 5 in Shields
  6374 | Temple   | Entered the Ecumenical Temple
  7044 | D:5      | Noticed an angel
  7228 | D:6      | Found an iron altar of Okawaru.
  7304 | D:6      | Became a worshipper of Warmaster Okawaru
  8192 | D:6      | Reached XP level 9. HP: 75/78 MP: 8/8
  8216 | D:6      | Acquired Okawaru's first power
  8874 | D:7      | Reached skill level 1 in Invocations
  9036 | D:7      | Found an opulent altar of Gozag.
  9069 | D:7      | Killed Alipheese's ghost
  9069 | D:7      | Reached skill level 10 in Axes
  9071 | D:7      | Found a sparkling altar of Nemelex Xobeh.
  9254 | D:7      | Reached skill level 5 in Dodging
  9543 | Temple   | Upgraded the game from 0.17-a0-1996-gd2c0ec8 to 0.17-a0-2002-g92c7e20
 11308 | D:9      | Noticed Erolcha
 11319 | D:9      | Killed Erolcha
 11319 | D:9      | Reached XP level 10. HP: 8/88 MP: 11/11
 11905 | D:9      | Noticed a white ugly thing
 11926 | D:9      | Killed a white ugly thing
 12844 | D:9      | Noticed Prince Ribbit
 12856 | D:9      | Killed Prince Ribbit
 12951 | D:10     | Entered Level 10 of the Dungeon
 13028 | D:10     | Found Miaz's Food Boutique.
 13056 | D:10     | Reached skill level 11 in Axes
 13165 | D:9      | HP: 2/90 [troll (10)]
 13166 | D:9      | Mangled by a troll

Vault maps used:
D:1:      dpeg_arrival_erosion, minmay_misc_feat_x
D:2:      first_bread, kennysheep_cross_room, xom_teletrap_fun, uniq_terence
D:3:      grunt_temple_overflow_open
D:4:      fedhas_altar_1, uniq_menkaure, uniq_crazy_yiuf_cottage
D:5:      temple_garden, enter_ossuary_4, nicolae_ru_awakened_eye
D:6:      okawaru_trees_1, hangedman_decor_opposing
D:7:      nemelex_deck, basic_altar, grunt_ogre_cave
D:9:      uniq_prince_ribbit1, uniq_erolcha
D:10:     minmay_goldmine, erik_lair_island, serial_shops,
          nicolae_shop_window_shopping
Temple:   minmay_temple_curvy_14

Action                   |  1- 3 |  4- 6 |  7- 9 | 10-12 || total
-------------------------+-------+-------+-------+-------++-------
Melee: War axe           |    71 |   155 |   438 |    94 ||   758
Throw: Stone             |       |    18 |    62 |       ||    80
       Tomahawk          |       |       |     4 |    19 ||    23
Invok: Heroism           |       |       |     1 |     2 ||     3
  Use: Potion            |       |     2 |       |       ||     2
       Scroll            |       |     4 |     3 |     1 ||     8
  Eat: Beef jerky        |     1 |     1 |     4 |     4 ||    10
       Chunk             |       |     6 |     6 |     2 ||    14
       Royal jelly       |       |     1 |     1 |       ||     2
       Pizza             |       |       |     1 |       ||     1
       Bread ration      |       |       |     2 |       ||     2
